Description

This is a build that I have ripped off someone else however the English wasn't 100% and there weren't any timing so therefore I decided to make this.

VOD

https://www.youtube.com/watch?v=l88CCEuNClI

Build Order

Get SALT Encoding   

  14  0:17  Supply Depot  
  16  0:41  Barracks  
  16  0:44  Refinery  
  20  1:30  Orbital Command  
  20  1:31  Marine x2  One marine after the other.
  20  1:40  Command Center  Make into orbital command as soon as finished.
  21  1:55  Barracks  
  22  2:07  Barracks Tech Lab  
  22  2:08  Supply Depot  
  23  2:20  Engineering Bay  then into REFINERY, then into STIMPACK.
  25  2:42  Barracks Reactor  Constant Marines from here on.
  26  2:49  Terran Infantry Weapons Level 1  
  28  3:12  Factory  
  35  3:38  Supply Depot  Depots when needed from here on.
  43  3:57  Starport  Build starport near factory.
  43  3:58  Factory Reactor  When factory reactor is done switch to starport immediately.
  50  4:30  Combat Shields  IMPORTANT: The timing attack should travel across the map when combat shield is halfway done, then the attack should be unloaded as it is finishing.
  56  4:41  Medivac x2  then into INFANTRY ARMOR 1.
  63  5:04  Command Center  
  65  5:09  Barracks x3  build one after the other
Spawning Tool Build Advisor. Get it on Overwolf

Analysis

It is extremely important to keep in mind that the timing attack should travel across the map when combat shield is halfway done, then the attack should be unloaded as it is finishing.

Go to:

Details

  • Created by: BothersomeBen
  • Published on: Jul 18, 2016
  • Modified on: Jul 20, 2016
  • Patch: Pre-3.8.0
Show
View Real Time Build Order
Export as new Build Order

Comments (1)

On Aug. 18, 2016, 10:50 a.m., PilotedShred  said:

great build, love how the combat shield and +1/+1 line up

Create an account to comment!